PAA
CHESAPEAKE CONTINENTALS @ NORTHVILLE ECLIPSE
08/17/2033
 
TOP OF THE 1ST
Chesapeake Continentals batting - Pitching for Northville Eclipse : RHP Alberto Álvarez
Pitching: RHP Alberto Álvarez
Batting: RHB Phil Oostermeer 0-0: Ball
1-0: Ball
2-0: SOLO HOME RUN (Flyball, 7LD), Distance : 367 ft
Batting: LHB Mathias Gudmestad 0-0: Called Strike
0-1: Foul Ball, location: 2F
0-2: Ball
1-2: Strikes out swinging
Batting: RHB Santiago Valentín 0-0: Ground out 6-3 (Groundball, 6)
Batting: RHB Manuel Ángel 0-0: Ball
1-0: Ball
2-0: Ball
3-0: Called Strike
3-1: Foul Ball, location: 2F
3-2: Strikes out swinging
Top of the 1st over - 1 run, 1 hit, 0 errors, 0 left on base; Chesapeake 1 - Northville 0
BOTTOM OF THE 1ST
Northville Eclipse batting - Pitching for Chesapeake Continentals : RHP Ren-qing Weng
Pitching: RHP Ren-qing Weng
Batting: RHB Rod Shortall 0-0: Called Strike
0-1: Foul Ball, location: 2F
0-2: Ground out 6-3 (Groundball, 6)
Batting: RHB Tumas Wenzu 0-0: Foul Ball, location: 2F
0-1: Foul Ball, location: 2F
0-2: Ground out 6-3 (Groundball, 6)
Batting: LHB Gilberto Ocasio 0-0: Swinging Strike
0-1: Swinging Strike
0-2: Ball
1-2: Foul Ball, location: 2F
1-2: Strikes out swinging
Bottom of the 1st over - 0 runs, 0 hits, 0 errors, 0 left on base; Chesapeake 1 - Northville 0
TOP OF THE 2ND
Chesapeake Continentals batting - Pitching for Northville Eclipse : RHP Alberto Álvarez
Batting: RHB Jim MacRach 0-0: Ball
1-0: SINGLE (Line Drive, 4MD)
Batting: RHB Otton Dis 0-0: SINGLE (Groundball, 6MD)
Jim MacRach to second
Batting: RHB Obi Jones 0-0: Called Strike
0-1: Foul Ball, location: 2F
0-2: Strikes out swinging
Batting: RHB Júlio Costa 0-0: Ball
1-0: Ball
2-0: Ball
Wild Pitch!
Jim MacRach to third
Otton Dis to second
3-0: Called Strike
3-1: Called Strike
3-2: Foul Ball, location: 2F
3-2: Base on Balls
Batting: RHB Maurício Calabaa 0-0: Foul Ball, location: 2F
0-1: Ball
1-1: Grounds into double play, 4-6-3 (Groundball, 4)
Top of the 2nd over - 0 runs, 2 hits, 0 errors, 2 left on base; Chesapeake 1 - Northville 0
BOTTOM OF THE 2ND
Northville Eclipse batting - Pitching for Chesapeake Continentals : RHP Ren-qing Weng
Batting: LHB Lonnie Murray 0-0: Ball
1-0: Foul Ball, location: 2F
1-1: Ball
2-1: Foul Ball, location: 2F
2-2: Fly out, F7 (Flyball, 7)
Batting: LHB Mihai Dumitru 0-0: Ball
1-0: Ball
2-0: Called Strike
2-1: Ground out 6-3 (Groundball, 6)
Batting: RHB Sidney Mackell 0-0: Ball
1-0: Ball
2-0: Ball
3-0: Base on Balls
Batting: RHB Bill Wilson 0-0: Called Strike
0-1: Foul Ball, location: 2F
0-2: Strikes out swinging
Bottom of the 2nd over - 0 runs, 0 hits, 0 errors, 1 left on base; Chesapeake 1 - Northville 0
TOP OF THE 3RD
Chesapeake Continentals batting - Pitching for Northville Eclipse : RHP Alberto Álvarez
Batting: RHB Phil Oostermeer 0-0: Ball
1-0: Foul Ball, location: 2F
1-1: Foul Ball, location: 2F
1-2: Foul Ball, location: 2F
1-2: SINGLE (Groundball, 6D)
Batting: LHB Mathias Gudmestad 0-0: Ball
Phil Oostermeer steals 2nd base
1-0: Fly out, F6 (Line Drive, 6M)
Lined into DP, U6 (Line Drive, 6M)
Batting: RHB Santiago Valentín 0-0: Ball
1-0: Ball
2-0: Swinging Strike
2-1: Called Strike
2-2: Strikes out looking
Top of the 3rd over - 0 runs, 1 hit, 0 errors, 0 left on base; Chesapeake 1 - Northville 0
BOTTOM OF THE 3RD
Northville Eclipse batting - Pitching for Chesapeake Continentals : RHP Ren-qing Weng
Batting: LHB Raymond Dudzinski 0-0: Ball
1-0: Ball
2-0: Foul Ball, location: 2F
2-1: Ground out 6-3 (Groundball, 6)
Batting: RHB Miguel Betancourt 0-0: Ball
1-0: Ball
2-0: Ball
3-0: Base on Balls
Batting: RHB Rod Shortall 0-0: Ball
1-0: Foul Ball, location: 2F
1-1: Foul Ball, location: 2F
1-2: Ball
2-2: Strikes out looking
Batting: RHB Tumas Wenzu 0-0: Called Strike
0-1: Foul Ball, location: 2F
0-2: Fielders Choice at 2nd, 6-4 (Groundball, 6)
Bottom of the 3rd over - 0 runs, 0 hits, 0 errors, 1 left on base; Chesapeake 1 - Northville 0
TOP OF THE 4TH
Chesapeake Continentals batting - Pitching for Northville Eclipse : RHP Alberto Álvarez
Batting: RHB Manuel Ángel 0-0: Ball
1-0: Ball
2-0: Swinging Strike
2-1: Ground out 3-1 (Groundball, 34)
Batting: RHB Jim MacRach 0-0: Foul Ball, location: 2F
0-1: SINGLE (Flyball, 9LM)
Batting: RHB Otton Dis 0-0: Ball
Wild Pitch!
Jim MacRach to second
1-0: Foul Ball, location: 2F
1-1: Ball
2-1: Foul Ball, location: 2F
2-2: DOUBLE (Line Drive, 7LM)
Jim MacRach scores
Batting: RHB Obi Jones 0-0: Ball
1-0: Fly out, F5 (Popup, 5SF)
Batting: RHB Júlio Costa 0-0: Ground out 4-3 (Groundball, 4D)
Top of the 4th over - 1 run, 2 hits, 0 errors, 1 left on base; Chesapeake 2 - Northville 0
BOTTOM OF THE 4TH
Northville Eclipse batting - Pitching for Chesapeake Continentals : RHP Ren-qing Weng
Batting: LHB Gilberto Ocasio 0-0: Ball
1-0: Ball
2-0: Ground out 4-3 (Groundball, 4)
Batting: LHB Lonnie Murray 0-0: Called Strike
0-1: Ball
1-1: Called Strike
1-2: Ball
2-2: Ball
3-2: Foul Ball, location: 2F
3-2: Base on Balls
Batting: LHB Mihai Dumitru 0-0: Ball
1-0: Ball
2-0: Foul Ball, location: 2F
2-1: Ball
3-1: SINGLE (Line Drive, 9LS)
Lonnie Murray to second
Batting: RHB Sidney Mackell 0-0: Ball
1-0: Foul Ball, location: 2F
1-1: Ball
2-1: Grounds into double play, 6-4-3 (Groundball, 6)
Bottom of the 4th over - 0 runs, 1 hit, 0 errors, 1 left on base; Chesapeake 2 - Northville 0
TOP OF THE 5TH
Chesapeake Continentals batting - Pitching for Northville Eclipse : RHP Alberto Álvarez
Batting: RHB Maurício Calabaa 0-0: Fly out, F8 (Flyball, 78M)
Batting: RHB Phil Oostermeer 0-0: Called Strike
0-1: Foul Ball, location: 2F
0-2: Ball
1-2: Ground out U3 (Groundball, 3L)
Batting: LHB Mathias Gudmestad 0-0: Ball
1-0: Called Strike
1-1: SINGLE (Flyball, 89M)
Batting: RHB Santiago Valentín 0-0: Ball
1-0: Foul Ball, location: 2F
1-1: Ball
2-1: Called Strike
2-2: Foul Ball, location: 2F
2-2: Ground out 1-3 (Groundball, P)
Top of the 5th over - 0 runs, 1 hit, 0 errors, 1 left on base; Chesapeake 2 - Northville 0
BOTTOM OF THE 5TH
Northville Eclipse batting - Pitching for Chesapeake Continentals : RHP Ren-qing Weng
Batting: RHB Bill Wilson 0-0: Called Strike
0-1: Ground out 5-3 (Groundball, 56S)
Batting: LHB Raymond Dudzinski 0-0: Fly out, F7 (Flyball, 78D)
Batting: RHB Miguel Betancourt 0-0: Ball
1-0: Called Strike
1-1: Ball
2-1: Ground out 6-3 (Groundball, 6)
Bottom of the 5th over - 0 runs, 0 hits, 0 errors, 0 left on base; Chesapeake 2 - Northville 0
TOP OF THE 6TH
Chesapeake Continentals batting - Pitching for Northville Eclipse : RHP Alberto Álvarez
Batting: RHB Manuel Ángel 0-0: Ball
1-0: Ball
2-0: Called Strike
2-1: Ball
3-1: Called Strike
3-2: Foul Ball, location: 2F
3-2: SINGLE (Groundball, 6MD)
Batting: RHB Jim MacRach 0-0: Ball
1-0: Ball
2-0: Foul Ball, location: 2F
2-1: Foul Ball, location: 2F
2-2: Fly out, F3 (Popup, 34S)
Batting: RHB Otton Dis 0-0: Fly out, F7 (Line Drive, 78M)
Batting: RHB Obi Jones 0-0: Ball
1-0: DOUBLE (Line Drive, 89D)
Manuel Ángel to third
Batting: RHB Júlio Costa 0-0: Ball
1-0: Called Strike
1-1: Foul Ball, location: 2F
1-2: Ball
2-2: Foul Ball, location: 2F
2-2: Foul Ball, location: 2F
2-2: Ball
3-2: DOUBLE (Line Drive, 7LM)
Manuel Ángel scores
Obi Jones scores
Batting: RHB Maurício Calabaa 0-0: SINGLE (Line Drive, 6MD)
Júlio Costa to third
Batting: RHB Phil Oostermeer 0-0: Ball
1-0: Called Strike
1-1: Ball
2-1: Fly out, F4 (Line Drive, 34)
Top of the 6th over - 2 runs, 4 hits, 0 errors, 2 left on base; Chesapeake 4 - Northville 0
BOTTOM OF THE 6TH
Northville Eclipse batting - Pitching for Chesapeake Continentals : RHP Ren-qing Weng
Batting: RHB Rod Shortall 0-0: Ball
1-0: Swinging Strike
1-1: Foul Ball, location: 2F
1-2: SINGLE (Groundball, 6MD)
Batting: RHB Tumas Wenzu 0-0: Called Strike
0-1: Ball
1-1: SINGLE (Flyball, 9S)
Rod Shortall to second
Runner from 2nd tries for 3rd, SAFE, throw made to third
Batting: LHB Gilberto Ocasio 0-0: Called Strike
0-1: Foul Ball, location: 2F
0-2: Ball
1-2: Ball
2-2: Ball
Tumas Wenzu steals 2nd base
3-2: DOUBLE (Groundball, 5L)
Rod Shortall scores
Tumas Wenzu scores
Batting: LHB Lonnie Murray 0-0: Ball
1-0: Foul Ball, location: 2F
1-1: Ground out 5-3 (Groundball, 56)
Batting: LHB Mihai Dumitru 0-0: Ball
1-0: Ball
2-0: Ball
3-0: Base on Balls
Batting: RHB Sidney Mackell 0-0: Fly out, F8 (Line Drive, 8RD)
Batting: RHB Bill Wilson 0-0: DOUBLE (Line Drive, 7D)
Gilberto Ocasio scores
Mihai Dumitru to third
Runner from 3rd tries for Home, SAFE, no throw
Batting: LHB Raymond Dudzinski 0-0: Ball
1-0: Fly out, F6 (Popup, 6M)
Bottom of the 6th over - 4 runs, 4 hits, 0 errors, 1 left on base; Chesapeake 4 - Northville 4
TOP OF THE 7TH
Chesapeake Continentals batting - Pitching for Northville Eclipse : RHP Alberto Álvarez
Batting: LHB Mathias Gudmestad 0-0: Ball
1-0: Ground out 4-3 (Groundball, 4)
Pinch Hitting: SHB Bernie Nutall 0-0: Ball
1-0: Foul Ball, location: 2F
1-1: Called Strike
1-2: Ball
2-2: Fly out, F7 (Flyball, 7LD)
Batting: RHB Manuel Ángel 0-0: Foul Ball, location: 2F
0-1: Swinging Strike
0-2: Ground out 4-3 (Groundball, 6MS)
Top of the 7th over - 0 runs, 0 hits, 0 errors, 0 left on base; Chesapeake 4 - Northville 4
BOTTOM OF THE 7TH
Northville Eclipse batting - Pitching for Chesapeake Continentals : RHP Ren-qing Weng
Now in LF: Bernie Nutall
Batting: RHB Miguel Betancourt 0-0: Foul Ball, location: 2F
0-1: Ball
1-1: Ball
2-1: Ball
3-1: Base on Balls
Batting: RHB Rod Shortall 0-0: Bunt - Flyout! F5
Batting: RHB Tumas Wenzu 0-0: Ground out 6-3 (Groundball, 6MS)
Miguel Betancourt to second
Pitching: LHP Cedric Zuercher
Batting: LHB Gilberto Ocasio 0-0: Ball
1-0: Ball
2-0: DOUBLE (Line Drive, 8RD)
Miguel Betancourt scores
Batting: LHB Lonnie Murray 0-0: Ball
1-0: Fly out, F7 (Flyball, 7S)
Bottom of the 7th over - 1 run, 1 hit, 0 errors, 1 left on base; Chesapeake 4 - Northville 5
TOP OF THE 8TH
Chesapeake Continentals batting - Pitching for Northville Eclipse : RHP Alberto Álvarez
Batting: RHB Jim MacRach 0-0: Ground out 4-3 (Groundball, 34)
Batting: RHB Otton Dis 0-0: Ball
1-0: Called Strike
1-1: Ball
2-1: Foul Ball, location: 2F
2-2: Ball
3-2: Base on Balls
Batting: RHB Obi Jones 0-0: Called Strike
0-1: Ball
1-1: Grounds into double play, 5-4-3 (Groundball, 56)
Top of the 8th over - 0 runs, 0 hits, 0 errors, 0 left on base; Chesapeake 4 - Northville 5
BOTTOM OF THE 8TH
Northville Eclipse batting - Pitching for Chesapeake Continentals : LHP Cedric Zuercher
Batting: LHB Mihai Dumitru 0-0: Foul Ball, location: 2F
0-1: Ball
1-1: Foul Ball, location: 2F
1-2: Ball
2-2: Fly out, F5 (Popup, 6S)
Batting: RHB Sidney Mackell 0-0: Called Strike
0-1: Ball
1-1: Ground out 5-3 (Groundball, 5S)
Batting: RHB Bill Wilson 0-0: Ball
1-0: DOUBLE (Line Drive, 7LM)
Pinch Hitting: RHB Willard Thexton 0-0: Fly out, F6 (Popup, 56D)
Bottom of the 8th over - 0 runs, 1 hit, 0 errors, 1 left on base; Chesapeake 4 - Northville 5
TOP OF THE 9TH
Chesapeake Continentals batting - Pitching for Northville Eclipse : RHP Alberto Álvarez
Pitching: RHP Henry Henry
Now at 1B: Alfonso Grappasonni
Pinch Hitting: LHB Raphaël Duval 0-0: Ball
1-0: Ground out 4-3 (Groundball, 4MD)
Pinch Hitting: SHB Brian Burt 0-0: Ground out 6-3 (Groundball, 56)
Batting: RHB Phil Oostermeer 0-0: Called Strike
0-1: Called Strike
0-2: Foul Ball, location: 2F
0-2: Strikes out swinging
Top of the 9th over - 0 runs, 0 hits, 0 errors, 0 left on base; Chesapeake 4 - Northville 5
Saturday, December 22nd, 2018 - OOTP Baseball 18.8 Build 76